 Dungeon Crawl Stone Soup version 0.23.2-11-gf996548 (webtiles) character file.

Game seed: 16225626970415375332

268 Fang the Skirmisher (level 6, 0/39 HPs)
             Began as a Gargoyle Berserker on June 4, 2019.
             Was a Priest of Trog.
             Slain by a water moccasin zombie (5 damage)
             ... in an ossuary.
             The game lasted 00:03:44 (2690 turns).

Fang the Skirmisher (Gargoyle Berserker)            Turns: 2690, Time: 00:03:44

Health: 0/39       AC:  6    Str: 23    XL:     6   Next: 21%
Magic:  6/6        EV: 12    Int:  7    God:    Trog [***...]
Gold:   205        SH:  0    Dex:  9    Spells: 5/5 levels left

rFire    . . .     SeeInvis .   a - +0 hand axe
rCold    . . .     Gourm    .   (no shield)
rNeg     + . .     Faith    .   b - +0 animal skin
rPois    ∞         Spirit   .   (no helmet)
rElec    +         Reflect  .   (no cloak)
rCorr    .         Harm     .   (no gloves)
MR       .....                  (no boots)
Stlth    +.........             (no amulet)
HPRegen  0.13/turn              (no ring)
MPRegen  0.10/turn              (no ring)

@: no status effects
A: negative energy resistance 1, electricity resistance, unbreathing,
petrification resistance, rot immunity, AC +4
a: Berserk, Trog's Hand, Renounce Religion


You were in an ossuary.
You worshipped Trog.
Trog was most pleased with you.
You were not hungry.

You visited 1 branch of the dungeon, and saw 4 of its levels.
You also visited: Ossuary.

You collected 205 gold pieces.

Inventory:

Hand Weapons
 a - a +0 hand axe (weapon)
Armour
 b - a +0 animal skin (worn)
Jewellery
 e - an uncursed ring of magical power {unknown}
 p - an uncursed ring of positive energy {unknown}
Scrolls
 d - 2 scrolls of amnesia {unknown}
 g - 3 scrolls of enchant armour {unknown}
 j - 8 scrolls of identify {unknown}
 k - 2 scrolls of teleportation {unknown}
 l - 5 scrolls of immolation {unknown}
 m - a scroll of magic mapping {unknown}
 q - a scroll of remove curse {unknown}
 t - 3 scrolls of noise {unknown}
 u - 2 scrolls of blinking {unknown}
Potions
 f - a potion of brilliance {unknown}
 h - 2 potions of curing {unknown}
 i - a potion of flight {unknown}
 o - a potion of resistance {unknown}
 r - a potion of degeneration {unknown}
 s - a potion of haste {unknown}
 v - a potion of magic {unknown}
Comestibles
 c - 10 rations


   Skills:
 + Level 4.6 Fighting
 + Level 3.8 Axes
 + Level 3.9 Armour
 + Level 2.9 Dodging


You had 5 spell levels left.
You didn't know any spells.
Your spell library was empty.

Dungeon Overview and Level Annotations

Branches:
Dungeon (4/15)
 Temple: D:4-7

Altars:
Gozag
Nemelex Xobeh


Innate Abilities, Weirdness & Mutations

You are resistant to torment.
Your stone body is resilient. (AC +4)
You are immune to poison.
You resist negative energy. (rN+)
You are resistant to electric shocks. (rElec)
You can survive without breathing.
You are immune to petrification.
You are immune to rotting.


Message History

The water moccasin zombie misses you.
You closely miss the water moccasin zombie.
The water moccasin zombie is heavily damaged.
The water moccasin zombie barely misses you.
You closely miss the water moccasin zombie.
The water moccasin zombie is heavily damaged.
The water moccasin zombie barely misses you.
The water moccasin zombie bites you.
* * * LOW HITPOINT WARNING * * *
You closely miss the water moccasin zombie.
The water moccasin zombie is heavily damaged.
The water moccasin zombie bites you.
* * * LOW HITPOINT WARNING * * *
You barely miss the water moccasin zombie.
The water moccasin zombie is heavily damaged.
The water moccasin zombie closely misses you.
You hit the water moccasin zombie.
The water moccasin zombie is severely damaged.
The water moccasin zombie misses you. The water moccasin zombie bites you.
You die...

#^^.# #.^^# ###'#
#...# #...# #...#
#...#
###############'##
#..ZZ@^^^#...#^.^#
+...#^.^^#...#.^^#
#.. #.^..'...'^^^#
## ##############


You could see a water moccasin zombie and an orc zombie.

Vanquished Creatures
  A water moccasin zombie (Ossuary)
  A worker ant (D:2)
  A hound skeleton (D:3)
  A mummy (D:4)
  Robin (D:2)
  5 adders
  4 adder zombies (Ossuary)
  A worm (D:2)
  3 dart slugs (D:1)
  3 leopard geckos
  5 giant cockroaches
  15 goblins
  7 hobgoblins
  3 quokkas
  2 ball pythons (D:1)
  5 bats
  6 frilled lizards
  2 gnoll zombies (Ossuary)
  2 hobgoblin zombies (Ossuary)
  8 kobolds
  4 kobold zombies (Ossuary)
  5 orc zombies (Ossuary)
  4 rats
89 creatures vanquished.

Notes
Turn   | Place    | Note
-------+----------+-------------------------------------------
     0 | D:1      | Fang the Gargoyle Berserker began the quest for the Orb.
     0 | D:1      | Reached XP level 1. HP: 14/14 MP: 1/1
   105 | D:1      | Reached XP level 2. HP: 12/19 MP: 2/2
   286 | D:1      | Reached XP level 3. HP: 18/23 MP: 3/3
   339 | D:1      | Reached ** piety under Trog
   612 | D:2      | Noticed Robin
   624 | D:2      | Killed Robin
   624 | D:2      | HP: 1/36 [goblin/+0 club[Robin] (3)]
   626 | D:2      | Reached XP level 4. HP: 2/29 MP: 4/4
   629 | D:2      | HP: 1/43 [giant cockroach (1)]
  1065 | D:2      | Reached skill level 4 in Fighting
  1364 | D:2      | Found a sparkling altar of Nemelex Xobeh.
  1433 | D:2      | Reached XP level 5. HP: 23/33 MP: 5/5
  1611 | D:2      | Found an opulent altar of Gozag.
  1956 | D:3      | Reached *** piety under Trog
  2525 | D:4      | Found a sand-covered staircase.
  2569 | Ossuary  | Entered an ossuary
  2678 | Ossuary  | Reached XP level 6. HP: 26/39 MP: 6/6
  2690 | Ossuary  | Slain by a water moccasin zombie

Skill      XL: |  1  2  3  4 |
---------------+-------------+-----
Axes           | 3 |  3.8
Dodging        | 2 |  2.9
Armour         | 3 |  3.9
Fighting       | 4 |  4.6

Action                   |  1- 3 |  4- 6 || total
-------------------------+-------+-------++-------
Melee: Hand axe          |    92 |   256 ||   348
Invok: Berserk           |     1 |     1 ||     2
  Eat: Chunk             |       |     8 ||     8
Armor: Animal skin       |    32 |   102 ||   134
Dodge: Dodged            |    73 |   163 ||   236
